 Dungeon Crawl Stone Soup version 0.21.1-1-g345015f (webtiles) character file.

2254 magui the Protected (level 9, -5/75 HPs)
             Began as a Minotaur Berserker on Mar 26, 2018.
             Was a Believer of Trog.
             Slain by a two-headed ogre
             ... wielding a +0 giant club
              (13 damage)
             ... on level 8 of the Dungeon.
             The game lasted 01:10:40 (7627 turns).

magui the Protected (Minotaur Berserker)            Turns: 7627, Time: 01:10:43

Health: -5/75      AC: 16    Str: 25    XL:     9   Next: 15%
Magic:  10/10      EV:  8    Int:  4    God:    Trog [**....]
Gold:   342        SH:  0    Dex: 10    Spells: 8/8 levels left

rFire    . . .     SeeInvis +   o - +2 quarterstaff (chaos)
rCold    . . .     Gourm    .   (shield currently unavailable)
rNeg     . . .     Faith    .   f - +0 plate armour
rPois    +         Spirit   .   (helmet restricted)
rElec    .         Reflect  .   x - +0 cloak {rPois}
rCorr    .         Harm     .   d - +0 pair of gloves {archery}
MR       ++...                  (no boots)
Stlth    ..........             (no amulet)
HPRegen  1.22/turn              t - ring of see invisible
MPRegen  0.12/turn              (no ring)

@: regenerating
A: retaliatory headbutt, horns 2
a: Berserk, Trog's Hand, Burn Spellbooks, Renounce Religion


You were on level 8 of the Dungeon.
You worshipped Trog.
Trog was pleased with you.
You were not hungry.

You visited 2 branches of the dungeon, and saw 9 of its levels.

You collected 342 gold pieces.

Inventory:

Hand Weapons
 a - a +1 falchion
 o - a +2 quarterstaff of chaos (weapon)
 v - a +0 hunting sling
 w - a +0 trident
 y - a +0 arbalest
 A - a +0 hand axe
 H - a +0 shortbow
 J - a +2 whip of flaming
 K - a +0 mace of holy wrath
 O - a +0 blowgun
 R - a +0 great sword
 V - a +0 war axe
Missiles
 h - 5 needles of sleeping
 i - 244 stones
 m - 123 arrows
 n - 13 tomahawks (quivered)
 p - 76 poisoned needles
 u - 29 bolts
 L - 4 steel tomahawks
 U - 37 sling bullets
Armour
 b - a +0 animal skin
 d - a +0 pair of gloves of archery (worn)
 e - a +0 buckler
 f - a +0 plate armour (worn)
 g - a +1 ring mail
 q - a +0 leather armour
 s - a +0 pair of gloves
 x - a +0 cloak of poison resistance (worn)
 D - a +0 leather armour
 E - a +1 ring mail of magic resistance
 F - a +0 scale mail
 G - a +0 robe
 P - a +1 helmet
 S - a +0 leather armour
 Y - a +0 scale mail
Jewellery
 k - an uncursed amulet of faith
 r - an uncursed amulet of harm {unknown}
 t - a ring of see invisible (left hand)
 C - an uncursed ring of see invisible
Wands
 B - a wand of iceblast (6)
 N - a wand of acid (11)
Scrolls
 l - 3 scrolls of remove curse
 I - a scroll of fog
 M - a scroll of identify
 X - a scroll of enchant weapon
Potions
 j - a potion of agility
 z - a potion of lignification
 T - a potion of magic
Comestibles
 c - 5 rations


   Skills:
 + Level 5.9 Fighting
 + Level 5.5 Long Blades
 + Level 8.1 Staves
 + Level 8.7 Armour
 + Level 3.8 Dodging
 + Level 1.3 Stealth
 + Level 2.8 Evocations


You had 8 spell levels left.
You didn't know any spells.

Dungeon Overview and Level Annotations

Branches:
Dungeon (8/15)             Temple (1/1) D:5
   Lair: D:8-11

Altars:
Ashenzari
Cheibriados
Dithmenos
Elyvilon
Fedhas
Gozag
Hepliaklqana
Kikubaaqudgha
Makhleb
Nemelex Xobeh
Qazlal
Ru
Sif Muna
Uskayaw
Vehumet
Wu Jian
Xom
Yredelemnul
Zin

Shops:
D:4 [


Innate Abilities, Weirdness & Mutations

You reflexively headbutt those who attack you in melee.
You have a pair of horns on your head.


Message History

The centaur hits you but does no damage.
Unknown command.
You feel better.
The centaur hits you but does no damage.
The two-headed ogre hits you with a giant club!
* * * LOW HITPOINT WARNING * * *
The two-headed ogre hits you but does no damage.
The centaur hits you but does no damage.
Unknown command.
Okay, then.
As you read the scroll of immolation, it crumbles to dust.
The creatures around you are filled with an inner flame!
The centaur barely misses you.
You hit the two-headed ogre. You freeze the two-headed ogre.
The two-headed ogre is severely wounded.
The centaur hits you but does no damage.
The two-headed ogre barely misses you. You furiously retaliate!
You headbutt the two-headed ogre.
The two-headed ogre hits you with a giant club!
You die...

# ......
.##...............#
............r.....#
..................
............<.c..
................
...#..... ....
.<...##..####r#####
...#####.....(FO@.#
....>..#..(....c..#
.......#.......)..#
.####.......(^....#
. ##............# .
#.#..........# # .
#.#..........#
#.##..###....####
#.....#####..#


You could see a two-headed ogre (inner flame), a bullfrog (inner flame), a
centaur (inner flame) and a quokka.

Vanquished Creatures
  Pikel (D:6)
  A hungry ghost (D:8)
  A water moccasin (D:5)
  An acid dragon (D:7)
  A slave (D:6)
  2 phantoms
  2 ogres (D:4)
  2 centaurs
  2 bullfrogs
  A scorpion (D:5)
  4 killer bees (D:7)
  2 crimson imps
  A howler monkey (D:5)
  A centaur zombie (D:7)
  A jelly (D:6)
  Crazy Yiuf (D:3)
  3 orc priests
  Ijyb (D:3)
  An iguana (D:4)
  4 worker ants
  A hound skeleton (D:7)
  A worker ant zombie (D:6)
  8 gnolls
  6 adders
  An ooze (D:3)
  5 leopard geckos
  5 orcs
  2 giant cockroaches (D:2)
  4 goblins
  2 hobgoblins
  A quokka (D:3)
  A ball python (D:2)
  5 bats
  2 frilled lizards
  5 kobolds
  A quokka skeleton (D:4)
  5 rats
  A spectral orc (D:2)
  A bush (D:3)
  2 plants (D:4)
92 creatures vanquished.

Vanquished Creatures (others)
  An orc (D:6)
1 creature vanquished.

Grand Total: 93 creatures vanquished

Notes
Turn   | Place    | Note
-------+----------+-------------------------------------------
     0 | D:1      | magui the Minotaur Berserker began the quest for the Orb.
     0 | D:1      | Reached XP level 1. HP: 19/19 MP: 0/0
   414 | D:1      | Reached XP level 2. HP: 27/27 MP: 1/1
  1618 | D:2      | Found a basalt altar of Yredelemnul.
  1756 | D:3      | Found a faded altar of an unknown god.
  1764 | D:3      | Reached XP level 3. HP: 33/33 MP: 2/2
  1899 | D:3      | Reached XP level 4. HP: 40/40 MP: 3/3
  1975 | D:3      | Found a blossoming altar of Fedhas.
  2004 | D:3      | Reached ** piety under Trog
  2004 | D:3      | Reached skill level 5 in Long Blades
  2190 | D:3      | Found a runed door.
  2195 | D:3      | Noticed Crazy Yiuf
  2208 | D:3      | Killed Crazy Yiuf
  2208 | D:3      | Reached XP level 5. HP: 8/46 MP: 4/4
  2854 | D:3      | Noticed Ijyb
  2859 | D:3      | Killed Ijyb
  3153 | D:4      | Reached skill level 1 in Evocations
  3285 | D:4      | Noticed a phantom
  3303 | D:4      | Found Zoille's Antique Armour Shoppe.
  3327 | D:4      | Killed a phantom
  3327 | D:4      | Reached skill level 1 in Staves
  3327 | D:4      | Reached XP level 6. HP: 47/53 MP: 4/6
  3400 | D:4      | Found a glowing silver altar of Zin.
  3401 | D:4      | Noticed an angel
  3512 | D:4      | Reached skill level 5 in Armour
  3751 | D:4      | Reached XP level 7. HP: 50/60 MP: 7/7
  3832 | D:4      | Found a sacrificial altar of Ru.
  4057 | D:5      | Entered Level 5 of the Dungeon
  4135 | D:5      | Found an opulent altar of Gozag.
  4311 | D:5      | Found a staircase to the Ecumenical Temple.
  4612 | Temple   | Entered the Ecumenical Temple
  4855 | D:5      | Found a hazy altar of Hepliaklqana.
  4958 | D:5      | Found a shadowy altar of Dithmenos.
  4958 | D:5      | Found a sparkling altar of Nemelex Xobeh.
  5341 | D:6      | Reached skill level 5 in Fighting
  5341 | D:6      | Reached skill level 5 in Staves
  5455 | D:6      | Reached XP level 8. HP: 59/68 MP: 7/9
  5573 | D:6      | Noticed Pikel
  5579 | D:6      | Killed Pikel
  5579 | D:6      | Reached skill level 1 in Stealth
  6763 | D:7      | Reached XP level 9. HP: 59/75 MP: 10/10
  6897 | D:7      | Reached *** piety under Trog
  7080 | D:7      | Found an ornate altar of the Wu Jian Council.
  7614 | D:8      | Noticed a two-headed ogre
  7627 | D:8      | Slain by a two-headed ogre

Skill      XL: |  1  2  3  4  5  6  7  8  9 |
---------------+----------------------------+-----
Fighting       | 4 5 |  5.9
Long Blades    | 4 5 |  5.5
Armour         | 3 4 5 6 8 |  8.7
Evocations     | 1 2 |  2.8
Dodging        | 3 |  3.8
Staves         | 1 3 5 7 8 |  8.1
Stealth        | 1 |  1.3

Action                   |  1- 3 |  4- 6 |  7- 9 || total
-------------------------+-------+-------+-------++-------
Melee: Falchion          |   113 |     8 |       ||   121
       Headbutt          |    30 |     9 |    34 ||    73
       Quarterstaff      |       |    47 |   137 ||   184
Throw: Stone             |       |     1 |       ||     1
Invok: Trog's Hand       |       |     1 |     1 ||     2
Evoke: Wand              |     8 |    21 |     3 ||    32
  Use: Scroll            |     8 |       |     5 ||    13
       Potion            |     4 |     6 |     5 ||    15
 Stab: Paralysed         |       |       |     1 ||     1
  Eat: Ration            |     1 |     2 |     4 ||     7
Armor: Ring mail         |    27 |    18 |       ||    45
       Animal skin       |     1 |       |       ||     1
       Plate armour      |       |     1 |    75 ||    76
Dodge: Dodged            |    32 |    36 |    68 ||   136
       Rpst.: Falchion   |    10 |     2 |       ||    12
